BSA
MAUI TROPICS @ SAN FRANCISCO BANDITS
03/15/2029
 
TOP OF THE 1ST
Maui Tropics batting - Pitching for San Francisco Bandits : RHP Fernando Llama
Pitching: RHP Fernando Llama
Batting: RHB Matt Silver 0-0: DOUBLE (Line Drive, 89D)
Batting: LHB Dave Cook 0-0: Fly out, F7 (Flyball, 7LM)
Batting: RHB Jesús Espinoza 0-0: Ball
1-0: Ground out U3 (Groundball, 34)
Matt Silver to third
Batting: RHB Luis Alou 0-0: Ball
1-0: Ball
2-0: Called Strike
2-1: Ground out 6-3 (Groundball, 56)
Top of the 1st over - 0 runs, 1 hit, 0 errors, 1 left on base; Maui 0 - San Francisco 0
BOTTOM OF THE 1ST
San Francisco Bandits batting - Pitching for Maui Tropics : RHP Júlio González
Pitching: RHP Júlio González
Batting: RHB Brandon Townsley 0-0: Swinging Strike
0-1: Ball
1-1: Swinging Strike
1-2: Ball
2-2: Strikes out looking
Batting: LHB Pedro Ramos 0-0: Foul Ball, location: 2F
0-1: Ball
1-1: Swinging Strike
1-2: Ball
2-2: Strikes out swinging
Batting: LHB Francisco Calderón 0-0: Foul Ball, location: 2F
0-1: Called Strike
0-2: Ball
1-2: Strikes out swinging
Bottom of the 1st over - 0 runs, 0 hits, 0 errors, 0 left on base; Maui 0 - San Francisco 0
TOP OF THE 2ND
Maui Tropics batting - Pitching for San Francisco Bandits : RHP Fernando Llama
Batting: LHB Luis Antonio Torres 0-0: Ball
1-0: Swinging Strike
1-1: Ground out 5-3 (Groundball, 56)
Batting: LHB José Rivas 0-0: Fly out, F8 (Flyball, 8RS)
Batting: LHB Mike Pearson 0-0: Ball
1-0: Called Strike
1-1: Fly out, F7 (Line Drive, 7)
Top of the 2nd over - 0 runs, 0 hits, 0 errors, 0 left on base; Maui 0 - San Francisco 0
BOTTOM OF THE 2ND
San Francisco Bandits batting - Pitching for Maui Tropics : RHP Júlio González
Batting: LHB Alan McGilroy 0-0: Swinging Strike
0-1: Fly out, F9 (Flyball, 89S)
Batting: RHB Michael Elliott 0-0: Foul Ball, location: 2F
0-1: Foul Ball, location: 2F
0-2: SINGLE (Flyball, 78S)
Batting: RHB Gustavo Ortíz 0-0: Swinging Strike
0-1: Ball
1-1: Ball
2-1: SINGLE (Groundball, 6MD)
Michael Elliott to second
Batting: SHB Terry Dailey 0-0: Ball
Michael Elliott steals 3rd base
Gustavo Ortíz to second
1-0: Foul Ball, location: 2F
1-1: Swinging Strike
1-2: Ball
2-2: Foul Ball, location: 2F
2-2: Strikes out swinging
Batting: RHB Raúl Bruno 0-0: Swinging Strike
0-1: Ground out 5-3 (Groundball, 56S)
Bottom of the 2nd over - 0 runs, 2 hits, 0 errors, 2 left on base; Maui 0 - San Francisco 0
TOP OF THE 3RD
Maui Tropics batting - Pitching for San Francisco Bandits : RHP Fernando Llama
Batting: RHB Ximena Campos 0-0: Called Strike
0-1: Hit by Pitch
Batting: LHB Don Hull 0-0: Ball
1-0: Called Strike
1-1: Grounds into double play, 6-4-3 (Groundball, 6)
Batting: RHB Matt Silver 0-0: Fly out, F6 (Line Drive, 6)
Top of the 3rd over - 0 runs, 0 hits, 0 errors, 0 left on base; Maui 0 - San Francisco 0
BOTTOM OF THE 3RD
San Francisco Bandits batting - Pitching for Maui Tropics : RHP Júlio González
Batting: RHB David Crespo 0-0: Ground out 6-3 (Groundball, 6)
Batting: RHB Brandon Townsley 0-0: Called Strike
0-1: Ball
1-1: Swinging Strike
1-2: Ball
2-2: Ball
3-2: Strikes out swinging
Batting: LHB Pedro Ramos 0-0: Ball
1-0: Ball
2-0: Called Strike
2-1: Ground out 6-3 (Groundball, 6)
Bottom of the 3rd over - 0 runs, 0 hits, 0 errors, 0 left on base; Maui 0 - San Francisco 0
TOP OF THE 4TH
Maui Tropics batting - Pitching for San Francisco Bandits : RHP Fernando Llama
Batting: LHB Dave Cook 0-0: Ball
1-0: Foul Ball, location: 2F
1-1: Called Strike
1-2: Fly out, F7 (Flyball, 7LS)
Batting: RHB Jesús Espinoza 0-0: Called Strike
0-1: Fly out, F9 (Flyball, 9S)
Batting: RHB Luis Alou 0-0: Ball
1-0: Foul Ball, location: 2F
1-1: Foul Ball, location: 2F
1-2: Foul Ball, location: 2F
1-2: Foul Ball, location: 2F
1-2: Ball
2-2: Fly out, F8 (Flyball, 8RS)
Top of the 4th over - 0 runs, 0 hits, 0 errors, 0 left on base; Maui 0 - San Francisco 0
BOTTOM OF THE 4TH
San Francisco Bandits batting - Pitching for Maui Tropics : RHP Júlio González
Batting: LHB Francisco Calderón 0-0: Called Strike
0-1: Ball
1-1: Ball
2-1: Fly out, F7 (Line Drive, 78M)
Batting: LHB Alan McGilroy 0-0: Called Strike
0-1: Called Strike
0-2: Ball
1-2: Ball
2-2: Ground out 4-3 (Groundball, 4)
Batting: RHB Michael Elliott 0-0: Called Strike
0-1: Called Strike
0-2: Foul Ball, location: 2F
0-2: Ball
1-2: Ball
2-2: Strikes out swinging
Bottom of the 4th over - 0 runs, 0 hits, 0 errors, 0 left on base; Maui 0 - San Francisco 0
TOP OF THE 5TH
Maui Tropics batting - Pitching for San Francisco Bandits : RHP Fernando Llama
Pitching: RHP Bill Long
Batting: LHB Luis Antonio Torres 0-0: Ball
1-0: Fly out, F5 (Popup, 56)
Batting: LHB José Rivas 0-0: Called Strike
0-1: Foul Ball, location: 2F
0-2: SOLO HOME RUN (Flyball, 9LD), Distance : 435 ft
Batting: LHB Mike Pearson 0-0: Foul Ball, location: 2F
0-1: Foul Ball, location: 2F
0-2: Foul Ball, location: 2F
0-2: Ball
1-2: Foul Ball, location: 2F
1-2: Foul Ball, location: 2F
1-2: SINGLE (Groundball, 6MD)
Batting: RHB Ximena Campos 0-0: Ball
1-0: Ball
2-0: Foul Ball, location: 2F
2-1: Foul Ball, location: 2F
2-2: Fly out, F2 (Popup, 15S)
Batting: LHB Don Hull 0-0: SINGLE (Groundball, 34D)
Mike Pearson to second
Runner from 2nd tries for 3rd, SAFE, throw made to third
Batting: RHB Matt Silver 0-0: Ball
1-0: Ground out 5-3 (Groundball, 56S)
Top of the 5th over - 1 run, 3 hits, 0 errors, 2 left on base; Maui 1 - San Francisco 0
BOTTOM OF THE 5TH
San Francisco Bandits batting - Pitching for Maui Tropics : RHP Júlio González
Pitching: LHP Júlio Aguilar
Batting: RHB Gustavo Ortíz 0-0: Swinging Strike
0-1: Swinging Strike
0-2: Ball
1-2: SINGLE (Line Drive, 7S)
Batting: SHB Terry Dailey 0-0: Ball
1-0: Ball
2-0: Foul Ball, location: 2F
2-1: Fly out, F4 (Popup, 4M)
Batting: RHB Raúl Bruno 0-0: Fielders Choice at 2nd, 4-6 (Groundball, 34)
Batting: RHB David Crespo 0-0: Foul Ball, location: 2F
0-1: Ball
1-1: Swinging Strike
1-2: Ball
2-2: Ball
Raúl Bruno steals 2nd base
3-2: SINGLE (Groundball, 56D)
Raúl Bruno to third
Raúl Bruno scores
Batting: RHB Brandon Townsley 0-0: Foul Ball, location: 2F
0-1: Swinging Strike
0-2: Ball
1-2: Ball
2-2: Foul Ball, location: 2F
2-2: Ground out 4-3 (Groundball, 34)
Bottom of the 5th over - 1 run, 2 hits, 0 errors, 1 left on base; Maui 1 - San Francisco 1
TOP OF THE 6TH
Maui Tropics batting - Pitching for San Francisco Bandits : RHP Bill Long
Batting: LHB Dave Cook 0-0: Ball
1-0: Called Strike
1-1: Ball
2-1: SINGLE (Groundball, 34D)
Batting: RHB Jesús Espinoza 0-0: Called Strike
0-1: Swinging Strike
0-2: Foul Ball, location: 2F
0-2: SINGLE (Line Drive, 7S)
Dave Cook to second
Batting: RHB Luis Alou 0-0: Called Strike
0-1: Ball
1-1: Foul Ball, location: 2F
1-2: Ball
2-2: Ball
3-2: Foul Ball, location: 2F
3-2: Fly out, F3 (Popup, 3F)
Batting: LHB Luis Antonio Torres 0-0: 3-RUN HOME RUN (Flyball, 9D), Distance : 382 ft
Pitching: RHP Miguel García
Batting: LHB José Rivas 0-0: Called Strike
0-1: Foul Ball, location: 2F
0-2: Ball
1-2: Ball
2-2: Strikes out swinging
Batting: LHB Mike Pearson 0-0: Ball
1-0: Foul Ball, location: 2F
1-1: Foul Ball, location: 2F
1-2: Ball
2-2: Strikes out looking
Top of the 6th over - 3 runs, 3 hits, 0 errors, 0 left on base; Maui 4 - San Francisco 1
BOTTOM OF THE 6TH
San Francisco Bandits batting - Pitching for Maui Tropics : LHP Júlio Aguilar
Batting: LHB Pedro Ramos 0-0: Ground out 4-3 (Groundball, 4S)
Batting: LHB Francisco Calderón 0-0: Ball
1-0: Ground out 4-3 (Groundball, 4)
Batting: LHB Alan McGilroy 0-0: Called Strike
0-1: Ball
1-1: Swinging Strike
1-2: Strikes out looking
Bottom of the 6th over - 0 runs, 0 hits, 0 errors, 0 left on base; Maui 4 - San Francisco 1
TOP OF THE 7TH
Maui Tropics batting - Pitching for San Francisco Bandits : RHP Miguel García
Batting: RHB Ximena Campos 0-0: Ball
1-0: Foul Ball, location: 2F
1-1: Ball
2-1: Fly out, F8 (Flyball, 89M)
Batting: LHB Don Hull 0-0: Called Strike
0-1: Foul Ball, location: 2F
0-2: Strikes out swinging
Pinch Hitting: LHB Ernesto López 0-0: Called Strike
0-1: Swinging Strike
0-2: Foul Ball, location: 2F
0-2: Ball
1-2: Strikes out swinging
Top of the 7th over - 0 runs, 0 hits, 0 errors, 0 left on base; Maui 4 - San Francisco 1
BOTTOM OF THE 7TH
San Francisco Bandits batting - Pitching for Maui Tropics : LHP Júlio Aguilar
Now at SS: Dan Dunn
Batting: RHB Michael Elliott 0-0: Ball
1-0: Called Strike
1-1: Fly out, F9 (Flyball, 9LM)
Batting: RHB Gustavo Ortíz 0-0: Fly out, F4 (Popup, 34)
Batting: SHB Terry Dailey 0-0: Ball
1-0: Ball
2-0: Called Strike
2-1: Ball
3-1: Foul Ball, location: 2F
3-2: Foul Ball, location: 2F
3-2: Foul Ball, location: 2F
3-2: Strikes out swinging
Bottom of the 7th over - 0 runs, 0 hits, 0 errors, 0 left on base; Maui 4 - San Francisco 1
TOP OF THE 8TH
Maui Tropics batting - Pitching for San Francisco Bandits : RHP Miguel García
Batting: LHB Mark Everett 0-0: Called Strike
0-1: Ball
1-1: Foul Ball, location: 2F
1-2: Strikes out swinging
Pinch Hitting: RHB John Brown 0-0: Ball
1-0: Swinging Strike
1-1: Foul Ball, location: 2F
1-2: Ball
2-2: Ball
3-2: SOLO HOME RUN (Flyball, 7LD), Distance : 343 ft
Pinch Hitting: RHB Roberto Gómez 0-0: Ball
1-0: Ball
2-0: Called Strike
2-1: Ball
3-1: Foul Ball, location: 2F
3-2: Strikes out swinging
Pinch Hitting: RHB Bo Vickers 0-0: Ball
1-0: Ground out 6-3 (Groundball, 6)
Top of the 8th over - 1 run, 1 hit, 0 errors, 0 left on base; Maui 5 - San Francisco 1
BOTTOM OF THE 8TH
San Francisco Bandits batting - Pitching for Maui Tropics : LHP Júlio Aguilar
Now at 1B: John Brown
Now at 3B: Bo Vickers
Now in RF: Roberto Gómez
Batting: RHB Raúl Bruno 0-0: SINGLE (Groundball, 56D)
Batting: RHB David Crespo 0-0: Ball
1-0: Foul Ball, location: 2F
1-1: Ball
2-1: Ball
3-1: Base on Balls
Raúl Bruno to second
Pinch Hitting: RHB Dale Taylor 0-0: Ball
1-0: Grounds into double play, 6-4-3 (Groundball, 6)
Raúl Bruno to third
Pinch Hitting: RHB Javier Ramírez 0-0: Called Strike
0-1: Ball
1-1: Fly out, F8 (Flyball, 8LM)
Bottom of the 8th over - 0 runs, 1 hit, 0 errors, 1 left on base; Maui 5 - San Francisco 1
TOP OF THE 9TH
Maui Tropics batting - Pitching for San Francisco Bandits : RHP Miguel García
Now in CF: Scott Merritt
Now in RF: Javier Ramírez
Batting: LHB José Rivas 0-0: Called Strike
0-1: Ball
1-1: Ground out 4-3 (Groundball, 34)
Pinch Hitting: RHB Lonson Seals 0-0: Ball
1-0: Fly out, F7 (Line Drive, 78M)
Pinch Hitting: LHB Jim Knight 0-0: Fly out, F7 (Flyball, 78S)
Top of the 9th over - 0 runs, 0 hits, 0 errors, 0 left on base; Maui 5 - San Francisco 1
BOTTOM OF THE 9TH
San Francisco Bandits batting - Pitching for Maui Tropics : LHP Júlio Aguilar
Now at C: Jim Knight
Now at 2B: Lonson Seals
Pinch Hitting: RHB Owen Carter 0-0: Swinging Strike
0-1: Foul Ball, location: 2F
0-2: Foul Ball, location: 2F
0-2: Ball
1-2: Ball
2-2: Strikes out swinging
Pinch Hitting: RHB Chang-geun Kim 0-0: Ball
1-0: SINGLE (Flyball, 78S)
Batting: RHB Naomichi Aoki 0-0: Ball
1-0: Foul Ball, location: 2F
1-1: Foul Ball, location: 2F
1-2: Foul Ball, location: 2F
1-2: Strikes out looking
Pinch Hitting: RHB José Hernández 0-0: Foul Ball, location: 2F
0-1: Ball
1-1: Fly out, F9 (Line Drive, 9LM)
Bottom of the 9th over - 0 runs, 1 hit, 0 errors, 1 left on base; Maui 5 - San Francisco 1
Saturday, December 16th, 2017 - OOTP Baseball 18.8 Build 76